 Dungeon Crawl Stone Soup version 0.16.1-4-g8e1b745 (webtiles) character file.

62 JustSomeDude the Skirmisher (level 4, -5/37 HPs)
             Began as a Formicid Abyssal Knight on Mar 26, 2015.
             Was a Follower of Lugonu.
             Slain by Grinder (7 damage)
             ... on level 3 of the Dungeon.
             The game lasted 00:07:33 (2139 turns).

JustSomeDude the Skirmisher (FoAK)                  Turns: 2139, Time: 00:07:33

Health: -5/37      AC:  3    Str: 17    XL:     4   Next: 28%
Magic:  6/6        EV: 12    Int: 12    God:    Lugonu [*.....]
Gold:   65         SH:  0    Dex: 10    Spells: 0 memorised, 3 levels left

rFire  . . .     SeeInvis +     a - +1 mace
rCold  . . .     Clarity  .     b - +0 leather armour
rNeg   . . .     SustAb   .     (no shield)
rPois  .         Gourm    .     (helmet unavailable)
rElec  .         Spirit   .     (no cloak)
rCorr  .         Warding  .     (no gloves)
rMut   .         Stasis   +     (no boots)
MR     .....                    (no amulet)
Stlth  +.........               (no ring)
                                (no ring)

@: not resistant to hostile enchantments, very unstealthy
A: permanent stasis, dig shafts and tunnels, four strong arms, antennae 3
a: Dig, Shaft Self, Depart the Abyss, Renounce Religion


You were on level 3 of the Dungeon.
You worshipped Lugonu.
Lugonu was aware of your devotion.
You were not hungry.

You visited 1 branch of the dungeon, and saw 3 of its levels.
You visited the Abyss 1 time.

You collected 65 gold pieces.

Inventory:

Hand weapons
 a - a +1 mace (weapon)
Missiles
 r - 8 needles of paralysis
Armour
 b - a +0 leather armour (worn)
 f - a +0 pair of boots
Jewellery
 d - an uncursed ring of see invisible {unknown}
 g - an uncursed ring of ice {unknown}
Scrolls
 h - a scroll of recharging {unknown}
 i - 4 scrolls of identify {unknown}
 j - a scroll of fog {unknown}
 l - 3 scrolls of teleportation {unknown}
 n - a scroll of amnesia {unknown}
 p - a scroll of remove curse {unknown}
Potions
 e - a potion of restore abilities {unknown}
 m - a potion of heal wounds {unknown}
 q - a potion of lignification {unknown}
Comestibles
 c - a bread ration


   Skills:
 + Level 3.7 Fighting
 + Level 2.4 Maces & Flails
 + Level 2.6 Armour
 + Level 2.1 Dodging
 + Level 1.0 Stealth
 + Level 2.5 Invocations


You had 3 spell levels left.
You didn't know any spells.

Dungeon Overview and Level Annotations

Branches:
Dungeon (3/15)

Altars:

Annotations:
D:3 Grinder


Innate Abilities, Weirdness & Mutations

You are under a permanent stasis effect.
You can dig through walls and to a lower floor.
Your four strong arms can wield two-handed weapons with a shield.
You have a pair of large antennae on your head (SInv).


Message History

Grinder hits you!
You writhe in agony.
Grinder hits you!
You writhe in agony.
* * * LOW HITPOINT WARNING * * *
You barely miss Grinder.
Grinder is lightly wounded.
Grinder zaps a wand.
You resist with some effort.
You're too confused to move!
You feel less confused. Grinder barely misses you.
You see here a javelin.
You hit Grinder!
Grinder is moderately wounded.
Grinder hits you.
* * * LOW HITPOINT WARNING * * *
You writhe in agony.
* * * LOW HITPOINT WARNING * * *
You are too injured to fight recklessly!
You hit Grinder.
Grinder is heavily wounded.
Grinder hits you!
You die...

. ... >.. .. .. #
.# # #. .# #
##.#.#.####.#.##.#.
........@5......(..
##(.....)...####.#.
#(....###### ##.###
#


You could see Grinder.

Vanquished Creatures
  A worm (D:2)
  A giant mite (D:2)
  An ooze (D:1)
  An orc (D:3)
  9 bats
  5 giant cockroaches
  8 hobgoblins
  A quokka (D:2)
  2 giant geckos
  3 giant newts
  2 goblins (D:2)
  2 jackals (D:1)
  6 kobolds
  4 rats
46 creatures vanquished.

Notes
Turn   | Place    | Note
--------------------------------------------------------------
     0 | Abyss:1  | JustSomeDude, the Formicid Abyssal Knight, began the quest for the Orb.
     0 | Abyss:1  | Reached XP level 1. HP: 18/18 MP: 1/1
     2 | D:1      | Escaped the Abyss
   179 | D:1      | Reached XP level 2. HP: 21/24 MP: 3/3
   201 | D:1      | Acquired Lugonu's first power
   214 | D:1      | Reached skill level 1 in Dodging
   314 | D:1      | Reached XP level 3. HP: 12/29 MP: 5/5
  1484 | D:2      | Reached XP level 4. HP: 7/37 MP: 6/6
  1752 | D:2      | Reached skill level 1 in Stealth
  1883 | D:3      | Noticed Grinder
  2139 | D:3      | Slain by Grinder

Action                   |  1- 3 |  4- 6 || total
-------------------------+-------+-------++-------
Melee: Mace              |   148 |    18 ||   166
Throw: Javelin           |       |     4 ||     4
Invok: Depart the Abyss  |     1 |       ||     1
 Abil: Dig               |     2 |     1 ||     3
 Stab: Sleeping          |     1 |       ||     1
  Eat: Royal jelly       |     1 |       ||     1
       Meat ration       |       |     1 ||     1
